Map: Ruins of Seras

Players

BREGOR

  • Race: Zerg Zerg
  • League: Platinum

Javert - Winner!

  • Race: Zerg Zerg
  • League: Platinum

VOD

Have the link to the VOD?

Description

Time

  • Played on: Aug. 16, 2015, 7:38 p.m.
  • Length: 12:35
Show
View Real Time Build Order
Export as new Build Order

BREGOR Zerg 

Build Orders: Hatch First, Lurkers 

Get SALT Encoding   

  12  0:01  Drone  
  13  0:10  Drone  
  14  0:17  Overlord  
  14  0:24  Drone, Extractor  
  15  0:37  Drone x2  
  17  0:45  Drone  
  18  1:00  Hatchery  
  18  1:01  Drone  
  18  1:16  Extractor  
  18  1:18  Drone, Spawning Pool  
  16  1:22  Drone  
  18  1:31  Drone  
  19  1:44  Drone  
  20  1:53  Overlord  
  20  2:05  Zergling x2  
  21  2:11  Queen  
  23  2:16  Queen  
  23  2:19  Zergling x2  
  26  2:24  Metabolic Boost  
  26  2:26  Drone  
  26  2:27  Drone  
  26  2:29  Zergling x2  
  29  2:35  Zergling x4  
  31  2:43  Baneling Nest  
  30  2:47  Zergling x4  
  32  3:08  Spine Crawler  
  32  3:12  Drone x3  
  33  3:27  Extractor  
  33  3:28  Drone x3  
  33  3:32  Zergling x4  
  33  3:33  Baneling x3  
  36  3:36  Overlord  
  36  3:38  Overlord  
  36  3:48  Baneling  
  36  3:58  Drone x3  
  36  3:59  Drone x2  
  36  4:01  Extractor  
  40  4:04  Roach Warren  
  39  4:14  Evolution Chamber  
  39  4:16  Drone x3  
  41  4:18  Drone x2  
  41  4:19  Drone x2  
  45  4:28  Overlord  
  45  4:40  Zerg Missile Weapons Level 1  
  45  4:42  Lair  
  47  4:45  Roach  
  47  4:46  Roach x2  
  47  4:52  Roach x2  
  55  5:01  Roach x2  
  55  5:03  Overlord  
  59  5:11  Drone  
  60  5:37  Roach  
  60  5:38  Roach x3  
  60  5:40  Glial Reconstitution  
  60  5:41  Overlord x3  
  69  6:04  Roach x3  
  69  6:05  Roach x7  
  69  6:07  Roach  
  69  6:10  Roach  
  91  6:22  Overlord x2  
  91  6:25  Overseer  
  91  6:52  Drone  
  91  6:53  Drone x5  
  97  6:59  Hydralisk Den, Extractor  
  97  7:00  Hatchery  
  94  7:02  Drone x4  
  94  7:03  Overlord  
  96  7:13  Roach x3  
  82  7:23  Lurker Den  
  82  7:24  Roach x4  
  82  7:29  Roach  
  76  7:30  Roach  
  67  7:46  Roach  
  67  7:47  Roach x3  
  67  7:48  Roach  
  76  8:01  Queen  
  78  8:08  Overlord  
  78  8:09  Hydralisk x3  
  84  8:13  Hydralisk  
  84  8:19  Drone  
  87  8:20  Drone x4  
  87  8:26  Hydralisk  
  91  8:27  Hydralisk  
  95  8:35  Hydralisk x2  
  99  8:51  Lurker x4  
  97  9:14  Roach  
  97  9:15  Hydralisk x2, Roach x8  
  97  9:16  Hydralisk x2  
  101  9:29  Roach  
  101  9:30  Roach x2  
  107  9:41  Overlord x2  
  107  9:45  Roach  
  109  9:46  Roach x5  
  119  9:55  Spire  
  119  9:57  Drone, Extractor  
  119  9:58  Drone, Extractor  
  118  10:05  Lurker x2  
  120  10:18  Pneumatized Carapace  
  114  10:33  Drone x4  
  114  10:34  Drone x10  
  122  10:37  Drone  
  123  10:49  Roach x5  
  103  11:10  Roach  
  105  11:11  Roach x6  
  105  11:12  Roach x2  
  97  11:22  Roach x3  
  97  11:23  Roach  
  90  11:37  Roach x6  
  90  11:38  Roach  
Show
View Real Time Build Order
Export as new Build Order

Javert Zerg - Winner!

Build Orders: Hatch First 

Get SALT Encoding   

  12  0:01  Drone  
  13  0:14  Overlord  
  13  0:18  Drone  
  14  0:32  Drone x2  
  16  0:38  Drone  
  17  0:56  Hatchery  
  16  1:00  Drone  
  16  1:02  Extractor  
  16  1:04  Drone  
  16  1:10  Drone  
  18  1:24  Spawning Pool  
  17  1:26  Drone  
  17  1:30  Drone  
  19  1:46  Drone  
  20  1:53  Drone  
  21  2:05  Overlord  
  21  2:11  Metabolic Boost  
  21  2:12  Queen x2  
  25  2:22  Zergling x6  
  28  2:33  Drone  
  28  2:34  Drone  
  30  2:41  Drone x2  
  30  2:43  Baneling Nest  
  31  2:46  Drone  
  32  2:56  Spine Crawler  
  31  3:12  Roach Warren  
  30  3:14  Drone x3  
  33  3:26  Drone x3  
  36  3:34  Overlord x2  
  36  3:44  Overlord x2  
  36  3:51  Overlord x2  
  36  3:58  Drone  
  36  3:59  Drone x6  
  43  4:09  Lair, Extractor  
  42  4:20  Roach x5  
  52  4:28  Overlord  
  52  4:29  Extractor  
  52  4:30  Extractor  
  50  4:34  Roach x3  
  56  4:43  Drone x5  
  61  4:53  Ravager x2  
  63  5:01  Drone x8  
  63  5:04  Ravager  
  72  5:18  Drone  
  72  5:19  Drone x5  
  78  5:30  Overseer  
  78  5:35  Hydralisk Den  
  77  5:36  Roach x6  
  88  5:54  Evolution Chamber  
  85  5:57  Glial Reconstitution  
  85  5:58  Lurker Den  
  85  6:05  Roach  
  85  6:06  Roach x2  
  91  6:14  Hatchery, Queen  
  92  6:20  Overlord x2  
  92  6:22  Zerg Missile Weapons Level 1  
  92  6:27  Overlord x2  
  92  6:33  Overlord  
  92  6:45  Hatchery  
  91  6:49  Hydralisk  
  91  6:50  Hydralisk x5  
  103  7:03  Evolution Chamber, Roach  
  103  7:04  Roach x4  
  80  7:34  Roach  
  80  7:35  Roach x4  
  90  7:46  Hydralisk x2  
  90  7:47  Hydralisk x3  
  100  7:55  Spine Crawler  
  100  7:57  Lurker x3  
  102  8:00  Extractor x2  
  102  8:02  Roach  
  102  8:03  Roach x2  
  106  8:07  Drone x2  
  106  8:08  Drone x2  
  106  8:09  Overlord  
  110  8:15  Muscular Augments  
  110  8:26  Roach x5  
  110  8:27  Roach  
  122  8:58  Hatchery  
  121  9:12  Roach  
  121  9:13  Roach x11  
  145  9:25  Zerg Missile Weapons Level 2  
  145  9:27  Drone  
  142  9:35  Extractor  
  135  9:38  Extractor  
  135  9:39  Overseer  
  135  9:45  Queen  
  136  9:46  Drone x6  
  136  9:47  Overlord x2  
  142  9:54  Infestation Pit  
  142  9:57  Overseer  
  142  9:58  Overseer  
  141  10:00  Pneumatized Carapace  
  123  10:14  Hydralisk  
  123  10:15  Hydralisk x2  
  123  10:36  Roach  
  123  10:37  Roach x8  
  133  10:51  Hive  
  127  11:14  Roach  
  127  11:15  Roach x8  
  133  11:37  Overseer x2  
  130  11:46  Overseer x2  
  125  12:21  Drone  
  125  12:22  Drone x6  
Tags
 
Add a new tag
Caveats
  • Supply blocks, unpowered buildings, or Contaminate may cause inaccurate times.
  • Supply counts are checked every 10 seconds.